 Dungeon Crawl Stone Soup version 0.18-a0-1577-gf591c28 (webtiles) character file.

113617 Omaping the Severer (level 16, 0/186 HPs)
             Began as a Hill Orc Fighter on Mar 15, 2016.
             Was the Champion of Trog.
             Slain by a merfolk
             ... wielding a +3 trident of protection
              (7 damage)
             ... on level 2 of the Shoals on Mar 20, 2016.
             The game lasted 06:11:26 (32091 turns).

Omaping the Severer (Hill Orc Fighter)             Turns: 32091, Time: 06:11:26

Health: 0/186      AC: 31    Str: 32    XL:     16   Next: 63%
Magic:  22/22      EV: 13    Int: 10    God:    Trog [******]
Gold:   3450       SH:  0    Dex: 18    Spells: 0 memorised, 15 levels left

rFire  . . .     SeeInvis .     B - +4 broad axe (elec)
rCold  . . .     Gourm    .     m - +6 plate armour of the Armadillo {Dex+7}
rNeg   . . .     Faith    +     (no shield)
rPois  +         Spirit   .     (no helmet)
rElec  .         Dismiss  .     b - +1 cloak {+Inv}
rCorr  .         Reflect  .     c - +3 pair of gauntlets of War {Slay+5}
SustAt .         Harm     .     (no boots)
MR     +++..                    M - amulet "Dyfaud" {Faith rPois}
Stlth  ..........               S - +5 ring of evasion
                                v - +5 ring of strength

@: extremely resistant to hostile enchantments, extremely unstealthy
A: talons 1, icy blue scales 1, clever 1, magic resistance 2, poison resistance,
robust 2, screaming 1, strong 1
a: Berserk, Trog's Hand, Brothers in Arms, Burn Spellbooks, Renounce Religion,
Evoke Invisibility


You were on level 2 of the Shoals.
You worshipped Trog.
Trog was exalted by your worship.
You were hungry.

You visited 5 branches of the dungeon, and saw 27 of its levels.
You visited the Abyss 1 time.
You also visited: Labyrinth and Bailey.

You collected 3450 gold pieces.

Inventory:

Hand Weapons
 a - a +0 longbow
 s - a +5 antimagic broad axe
 B - a +4 broad axe of electrocution (weapon)
 U - a +1 whip of freezing
Missiles
 C - 521 arrows (quivered)
 O - 96 arrows of frost
 P - 82 arrows of flame
Armour
 b - a +1 cloak of invisibility (worn)
 c - the +3 pair of gauntlets of War (worn) {Slay+5}
   (You found it in a bailey)

   It affects your accuracy and damage with ranged weapons and melee attacks
   (+5).
 m - the +6 plate armour of the Armadillo (worn) {Dex+7}
   (You found it on level 14 of the Dungeon)

   It affects your dexterity (+7).
Jewellery
 v - a +5 ring of strength (left hand)
 M - the amulet "Dyfaud" (around neck) {Faith rPois}
   (You found it on level 12 of the Dungeon)

   [amulet of faith]

   It allows you to gain divine favour quickly.
   It protects you from poison.
 S - a +5 ring of evasion (right hand)
Wands
 t - a wand of confusion (14/48)
 y - a wand of digging (3/24)
 J - a wand of disintegration (7/24)
 K - a wand of lightning (8/15)
 Q - a wand of flame (18/48)
 T - a wand of slowing (20/48)
Scrolls
 g - 6 scrolls of magic mapping
 h - a scroll of silence {unknown}
 l - a scroll of brand weapon {unknown}
 o - a scroll of holy word
 q - a scroll of vulnerability {unknown}
 r - 6 scrolls of remove curse
 w - 3 scrolls of fog
 A - 9 scrolls of recharging
 D - 2 scrolls of summoning
 E - 8 scrolls of identify
 F - 2 scrolls of blinking
 I - a scroll of fear
 L - a scroll of random uselessness {unknown}
 N - a scroll of immolation
 Y - 8 scrolls of teleportation
Potions
 e - 3 potions of lignification
 j - 6 potions of cancellation
 n - a potion of invisibility
 p - 2 potions of haste
 x - a potion of magic {unknown}
 G - 2 potions of agility
 H - 5 potions of curing
 R - a potion of resistance {unknown}
 W - 2 potions of flight
 X - a potion of cure mutation
Comestibles
 d - 4 chunks of flesh
 f - 7 bread rations
 i - a beef jerky
 k - a meat ration


   Skills:
 + Level 17.1 Fighting
 * Level 20.2 Axes
 - Level 10.1 Bows
 + Level 14.8 Armour
   Level 3.2 Shields
 - Level 8.2 Evocations


You had 15 spell levels left.
You didn't know any spells.

Dungeon Overview and Level Annotations

Branches:
Dungeon (15/15)            Temple (1/1) D:6            Lair (7/8) D:11
 Shoals (2/4) Lair:5        Snake (0/4) Lair:6        Slime (0/6) Lair:6
    Orc (2/2) D:10            Elf (0/3) Orc:2        Vaults (0/5) D:14
 Depths (0/5) D:15

Altars:
Ashenzari
Cheibriados
Dithmenos
Elyvilon
Fedhas
Gozag
Kikubaaqudgha
Makhleb
Nemelex Xobeh
Okawaru
Pakellas
Qazlal
Ru
Sif Muna
Trog
Vehumet
Xom
Yredelemnul
Zin
The Shining One
Beogh
Jiyva

Shops:
D:5 *   Orc:2 [=(%(

Annotations:
D:10 Orcish Mines
D:11 Lair


Innate Abilities, Weirdness & Mutations

You have sharp toenails.
You are partially covered in icy blue scales (AC +1).
Your mind is acute. (Int +2)
You are highly resistant to hostile enchantments.
Your system is resistant to poisons.
You are very robust (+20% HP).
You occasionally shout uncontrollably at your foes.
Your muscles are strong. (Str +2)


Message History

The satyr radiates an aura of fear!
You resist with some effort. The faun hits you but does no damage.
The sea snake bites you but does no damage.
The sea snake bites you!!
* * * LOW HITPOINT WARNING * * *
The merfolk closely misses you.
The merfolk hits you but does no damage.
You continue eating.
The faun hits you with a quarterstaff!!
* * * LOW HITPOINT WARNING * * *
The sea snake bites you but does no damage.
The satyr shoots an arrow.
The arrow hits you but does no damage. The faun completely misses you.
The sea snake bites you but does no damage.
The merfolk closely misses you.
You continue eating.
The sea snake bites you!
* * * LOW HITPOINT WARNING * * *
The merfolk hits you from afar with a trident of protection!
You die...

.##.......≈≈≈≈≈..
.≈.≈......≈≈≈≈.÷.≈
)..≈......≈≈≈≈...≈
≈≈≈≈≈......≈≈≈≈≈≈≈≈
≈≈≈≈≈≈..(..≈≈≈≈≈≈≈≈
≈≈≈≈≈≈.(...≈≈≈≈≈≈≈
≈≈≈≈≈≈≈((...≈≈≈≈≈≈
≈≈≈≈≈≈≈[...).≈≈≈≈≈
≈≈≈≈≈≈≈.mS@S..≈≈≈≈
≈≈≈≈≈≈≈.mc))c.....
≈≈≈≈≈≈≈≈...c......
≈≈≈≈≈≈≈≈≈.........
≈≈≈≈≈≈≈≈≈.#.......
≈≈≈≈≈≈≈≈≈≈........
≈≈≈≈≈≈..........
≈.≈≈.## .....≈≈


You could see a satyr, 2 sea snakes, 2 merfolk and 2 fauns.

Vanquished Creatures
  Rupert (Lair:5)
  Maud (Lair:4)
  An emperor scorpion (shapeshifter) (D:15)
  A very ugly thing (D:15)
  A salamander stormcaller (D:14)
  Snorg (D:11)
  A minotaur (Lab)
  2 great orbs of eyes (Abyss:2)
  Josephine (D:11)
  A fire dragon (D:15)
  An ice dragon (D:15)
  9 hydras
  A death knight (D:13)
  3 centaur warriors
  2 dancing weapons (D:14)
  A tengu warrior (D:15)
  A thrashing horror (Abyss:2)
  7 death yaks
  A hell hog (Abyss:2)
  Nergalle (Lair:4)
  4 orc high priests (Orc:2)
  The ghost of furman the Slicer, a journeyman SpAs of Nemelex Xobeh (Lair:3)
  2 sea snakes (Shoals:1)
  An unseen horror (D:13)
  Pikel (D:4)
  7 hill giants
  12 harpies (Shoals:1)
  3 phantasmal warriors (D:13)
  5 orc sorcerers
  6 orc knights
  5 ugly things
  5 fauns
  4 griffons
  4 deep elf magi
  4 sirens
  5 black mambas
  A manticore (D:14)
  4 centaur zombies
  9 elephants
  Maurice (D:11)
  Joseph (D:9)
  2 gargoyles
  An orange demon (Abyss:2)
  9 spiny frogs
  7 yaktaurs (D:15)
  2 rime drakes
  11 komodo dragons
  3 demonic crawlers (D:15)
  A tengu conjurer (D:15)
  2 minotaur zombies (Lab)
  7 trolls
  An ancient zyme (Abyss:2)
  6 merfolk
  Grinder (D:5)
  A queen bee (Lair:7)
  9 blink frogs
  A hornet zombie (D:14)
  Prince Ribbit (D:9)
  A harpy skeleton (D:15)
  3 slime creatures (D:13)
  4 two-headed ogres
  2 snapping turtles (Shoals:1)
  The ghost of M4edhros the Poker, an amateur OpCK of Xom (D:3)
  2 boulder beetles (D:15)
  Sigmund (D:2)
  2 shadows
  4 large abominations (Abyss:2)
  8 wraiths
  A spriggan (shapeshifter) (D:15)
  A water elemental (Shoals:2)
  A vampire (D:13)
  A ynoxinul (Abyss:2)
  3 wyverns
  A fire elemental (D:15)
  3 basilisks (Lair:5)
  44 yaks
  2 steam dragons
  5 vampire mosquitoes
  12 hippogriffs
  3 hungry ghosts
  Edmund (D:5)
  6 wargs (Orc:1)
  3 mottled dragons
  13 water moccasins
  4 nagas (Lair:6)
  2 soldier ants
  Duvessa (D:6)
  29 orc warriors
  11 porcupines
  4 ice beasts
  8 sky beasts
  2 wasps
  A black bear (D:8)
  3 phantoms
  19 centaurs
  4 wolves
  7 ogres
  13 crocodiles
  3 big kobolds
  Blork the orc (D:5)
  24 giant frogs
  A wyvern zombie (D:9)
  2 small abominations (Abyss:2)
  A wyvern skeleton (D:14)
  Dowan (D:6)
  4 scorpions
  28 killer bees
  6 wights
  5 howler monkeys
  6 crimson imps
  3 hounds
  13 orc priests
  A quasit (D:11)
  8 jellies
  35 orc wizards
  7 centaur skeletons
  Crazy Yiuf (D:2)
  A gnoll shaman (Orc:1)
  2 giant frog skeletons
  Jessica (D:2)
  7 iguanas
  Ijyb (D:4)
  10 worker ants
  2 killer bee zombies
  8 sheep
  2 worker ant zombies
  4 gnolls (Orc:1)
  19 adders
  64 river rats
  2 shadow imps
  A white imp (Abyss:2)
  An ufetubus (Abyss:2)
  An ooze (D:4)
  An adder skeleton (D:5)
  2 dart slugs (D:2)
  7 giant geckos
  73 orcs
  3 ball pythons
  8 giant cockroaches
  15 goblins
  3 hobgoblins
  9 jackals
  7 quokkas
  10 bats
  A giant gecko skeleton (D:5)
  5 giant newts
  19 kobolds
  2 quokka skeletons
  5 rats
  A spectral orc (D:5)
  5 fungi
  6 plants
882 creatures vanquished.

Vanquished Creatures (others)
  2 water elementals (D:15)
  2 orc priests
  An adder (D:4)
  A giant gecko (D:4)
  2 orcs (D:4)
  A giant cockroach (D:4)
  3 fungi (Lair:2)
  A plant (Lair:2)
13 creatures vanquished.

Grand Total: 895 creatures vanquished

Notes
Turn   | Place    | Note
--------------------------------------------------------------
     0 | D:1      | Omaping the Hill Orc Fighter began the quest for the Orb.
     0 | D:1      | Reached XP level 1. HP: 19/19 MP: 1/1
   195 | D:1      | Reached skill level 3 in Axes
   426 | D:1      | Reached XP level 2. HP: 26/26 MP: 2/2
   681 | D:1      | Found an iron altar of Okawaru.
   814 | D:2      | Reached skill level 4 in Axes
   885 | D:2      | Reached XP level 3. HP: 23/31 MP: 3/3
  1042 | D:2      | Reached skill level 5 in Axes
  1581 | D:2      | Noticed Sigmund
  1729 | D:2      | Reached XP level 4. HP: 39/39 MP: 4/4
  1849 | D:2      | Noticed Jessica
  1863 | D:2      | Killed Jessica
  2437 | D:3      | Reached skill level 6 in Axes
  2438 | D:3      | Noticed M4edhros's ghost (amateur OpCK)
  2447 | D:3      | Killed M4edhros's ghost
  2447 | D:3      | Reached skill level 7 in Axes
  2447 | D:3      | Reached XP level 5. HP: 35/46 MP: 5/5
  2447 | D:3      | Reached XP level 6. HP: 39/52 MP: 6/6
  2537 | D:3      | Found a shattered altar of Ashenzari.
  2538 | D:3      | Found a deep blue altar of Sif Muna.
  2696 | D:3      | Gained mutation: You evolve. [potion of mutation]
  2696 | D:3      | Gained mutation: Your muscles are strong. (Str +2) [potion of mutation]
  2696 | D:3      | Gained mutation: You are resistant to hostile enchantments. [potion of mutation]
  3219 | D:4      | Noticed Ijyb
  3246 | D:4      | Killed Ijyb
  3286 | D:4      | Found an oddly glowing altar of Pakellas.
  3401 | D:4      | Reached skill level 8 in Axes
  3406 | D:4      | Noticed Pikel
  3414 | D:4      | Noticed a slave
  3414 | D:4      | Killed Pikel
  3414 | D:4      | Reached skill level 5 in Fighting
  3414 | D:4      | Reached skill level 10 in Axes
  3414 | D:4      | Reached skill level 5 in Armour
  3414 | D:4      | Reached XP level 7. HP: 53/61 MP: 7/7
  3414 | D:4      | Reached XP level 8. HP: 59/68 MP: 8/8
  3556 | D:4      | Found a snail-covered altar of Cheibriados.
  4125 | D:5      | Entered Level 5 of the Dungeon
  4138 | D:5      | Noticed a two-headed ogre
  4319 | D:5      | Found Xomo's Serpentskin Sales.
  5017 | D:5      | Noticed Blork the orc
  5026 | D:5      | Killed Blork the orc
  5026 | D:5      | Reached skill level 11 in Axes
  5077 | D:5      | Noticed Edmund
  5095 | D:5      | Killed Edmund
  5211 | D:5      | Noticed Grinder
  5217 | D:5      | Killed Grinder
  5217 | D:5      | Reached XP level 9. HP: 75/75 MP: 9/9
  5223 | D:5      | Found a basalt altar of Yredelemnul.
  5574 | D:5      | Killed a two-headed ogre
  5574 | D:5      | Reached skill level 12 in Axes
  6042 | D:2      | Killed Sigmund
  6208 | D:2      | Noticed Crazy Yiuf
  6211 | D:2      | Killed Crazy Yiuf
  6413 | D:6      | Noticed Dowan
  6416 | D:6      | Noticed Duvessa
  6419 | D:6      | Killed Dowan
  6805 | D:6      | Reached skill level 13 in Axes
  6830 | D:6      | Killed Duvessa
  6847 | D:6      | Found a staircase to the Ecumenical Temple.
  7079 | D:6      | Lost mutation: Your muscles are strong. (Str +2) [evolution]
  7101 | Temple   | Entered the Ecumenical Temple
  7320 | Temple   | Became a worshipper of Trog the Wrathful
  7385 | D:6      | Found a shadowy altar of Dithmenos.
  7867 | D:6      | Reached XP level 10. HP: 69/86 MP: 7/10
  8153 | D:7      | Reached skill level 14 in Axes
  8241 | D:7      | Reached * piety under Trog
  8974 | D:8      | Found an iron altar of Okawaru.
  9874 | D:9      | Reached skill level 15 in Axes
 10154 | D:9      | Noticed Prince Ribbit
 10163 | D:9      | Killed Prince Ribbit
 10163 | D:9      | Reached ** piety under Trog
 10494 | D:9      | Noticed Joseph
 10504 | D:9      | Killed Joseph
 10859 | D:9      | Reached XP level 11. HP: 95/95 MP: 11/11
 11090 | D:9      | Reached *** piety under Trog
 11094 | D:9      | Gained mutation: You are robust (+10% HP). [mutagenic meat]
 11095 | D:9      | Gained mutation: Potions and wands are less effective at restoring your health. [mutagenic meat]
 11096 | D:9      | Lost mutation: Potions and wands are less effective at restoring your health. [mutagenic meat]
 11097 | D:9      | Gained mutation: You have a pair of small horns on your head. [mutagenic meat]
 11167 | D:9      | Gained mutation: Your magical capacity is low (-10% MP). [mutagenic meat]
 11189 | D:9      | Reached skill level 16 in Axes
 11318 | D:9      | Upgraded the game from 0.18-a0-1572-g0a86841 to 0.18-a0-1575-g920359c
 11332 | D:10     | Entered Level 10 of the Dungeon
 11533 | D:10     | Found a flagged portal.
 11571 | Bailey   | Entered a bailey
 11932 | Bailey   | Noticed an orc knight
 12165 | Bailey   | Noticed an orc knight
 12207 | Bailey   | Killed an orc knight
 12857 | D:10     | Found a staircase to the Orcish Mines.
 13120 | D:11     | Noticed Maurice
 13120 | D:11     | Noticed Josephine
 13120 | D:11     | Noticed a hill giant
 13168 | D:11     | Found a labyrinth entrance.
 13172 | D:11     | Reached **** piety under Trog
 13194 | Lab      | Entered a labyrinth
 13727 | Lab      | Noticed a minotaur
 13737 | Lab      | Killed a minotaur
 14086 | Lab      | Got an ancient ring mail
 14093 | Lab      | Identified the +3 ring mail "Ezeuso" {Int+2 Dex-4 Stlth+} (You found it in a labyrinth)
 14174 | D:11     | Reached skill level 10 in Fighting
 14236 | D:11     | Found a bloodstained altar of Trog.
 14345 | D:11     | Noticed a hill giant
 14357 | D:11     | Killed a hill giant
 14357 | D:11     | Reached skill level 10 in Armour
 14370 | D:11     | Killed Josephine
 14443 | D:11     | Killed a hill giant
 14443 | D:11     | Reached skill level 17 in Axes
 14576 | D:11     | Killed Maurice
 14576 | D:11     | Reached XP level 12. HP: 93/121 MP: 10/10
 14724 | D:11     | Found a white marble altar of Elyvilon.
 14883 | D:11     | Found a staircase to the Lair.
 15101 | D:11     | Gained mutation: Armour fits poorly on your strangely shaped body. [mutagenic meat]
 15102 | D:11     | Gained mutation: Your mind is acute. (Int +2) [mutagenic meat]
 15341 | D:11     | Noticed Snorg
 15351 | D:11     | Killed Snorg
 15521 | D:11     | Received a gift from Trog
 15549 | D:11     | Upgraded the game from 0.18-a0-1575-g920359c to 0.18-a0-1577-gf591c28
 15802 | D:12     | Noticed a four-headed hydra
 15919 | D:12     | Gained mutation: Your system is resistant to poisons. [mutagenic meat]
 15920 | D:12     | Lost mutation: You are robust (+10% HP). [mutagenic meat]
 15921 | D:12     | Gained mutation: You have sharp toenails. [mutagenic meat]
 15963 | D:12     | Got a shimmering zirconium amulet
 15966 | D:12     | Identified the amulet "Dyfaud" {Faith rPois} (You found it on level 12 of the Dungeon)
 16007 | D:12     | Lost mutation: Armour fits poorly on your strangely shaped body. [evolution]
 16050 | D:12     | Gained mutation: Your muscles are strong. (Str +2) [mutagenic meat]
 16436 | Lair:1   | Entered Level 1 of the Lair of Beasts
 16467 | Lair:1   | Reached ***** piety under Trog
 16489 | Lair:1   | You fall through a shaft!
 17009 | Lair:1   | Reached skill level 18 in Axes
 17375 | Lair:2   | Found a deep blue altar of Sif Muna.
 17406 | Lair:2   | Noticed a seven-headed hydra
 17617 | Lair:1   | Killed a seven-headed hydra
 17686 | Lair:1   | Reached XP level 13. HP: 51/122 MP: 11/11
 18370 | Lair:2   | Received a gift from Trog
 19052 | Lair:3   | Noticed furman's ghost (journeyman SpAs)
 19067 | Lair:3   | Killed furman's ghost
 19124 | Lair:3   | Reached skill level 1 in Bows
 19391 | Lair:3   | Found an iron altar of Okawaru.
 19542 | Lair:3   | Reached skill level 1 in Evocations
 19802 | Lair:3   | Received a gift from Trog
 20169 | Lair:4   | Received a gift from Trog
 20664 | Lair:4   | Noticed Maud
 20674 | Lair:4   | Killed Maud
 20884 | Lair:4   | Received a gift from Trog
 21002 | Lair:4   | Noticed Nergalle
 21009 | Lair:4   | Killed Nergalle
 21090 | Lair:4   | Gained mutation: You are highly resistant to hostile enchantments. [evolution]
 21277 | Lair:3   | You fall through a shaft for 3 floors!
 21515 | Lair:5   | Reached ****** piety under Trog
 21551 | Lair:5   | Noticed Rupert
 21562 | Lair:5   | Killed Rupert
 21677 | Lair:5   | Reached XP level 14. HP: 133/133 MP: 15/15
 21679 | Lair:5   | Reached skill level 5 in Bows
 21722 | Lair:5   | Received a gift from Trog
 21732 | Lair:5   | Cast into level 2 of the Abyss (a distortion unwield)
 21851 | Abyss:2  | Gained mutation: Scrolls take you a little longer to read. [evolution]
 21922 | Abyss:2  | Reached skill level 5 in Evocations
 21940 | Abyss:2  | Noticed a reaper
 22050 | Abyss:2  | Noticed a lich
 22058 | Lair:5   | Escaped the Abyss
 22133 | Lair:5   | Reached skill level 15 in Fighting
 22355 | Lair:5   | Found a staircase to the Shoals.
 22661 | Lair:6   | Found a staircase to the Snake Pit.
 22909 | Lair:6   | Identified 2 scrolls of acquirement
 22909 | Lair:6   | Got a slimy war axe
 22910 | Lair:6   | Identified the +5 war axe of Sitoriak {venom, *Noise Int+2 Stlth+} (You acquired it on level 6 of the Lair of Beasts)
 23365 | Lair:6   | Received a gift from Trog
 23639 | Lair:6   | Found a runed door.
 23639 | Lair:6   | Found a viscous altar of Jiyva.
 23639 | Lair:6   | Found a staircase to the Slime Pits.
 24112 | Lair:7   | Gained mutation: You are partially covered in icy blue scales (AC +1). [potion of beneficial mutation]
 24151 | Lair:7   | Gained mutation: You are resistant to electric shocks. [potion of beneficial mutation]
 24521 | Lair:7   | Received a gift from Trog
 25111 | Lair:7   | Received a gift from Trog
 25418 | Lair:1   | Reached XP level 15. HP: 133/141 MP: 16/17
 25494 | Orc:1    | Entered Level 1 of the Orcish Mines
 25518 | Orc:1    | Received a gift from Trog
 26166 | Orc:2    | Entered Level 2 of the Orcish Mines
 26236 | Orc:2    | Received a gift from Trog
 26271 | Orc:2    | Found a staircase to the Elven Halls.
 26319 | Orc:2    | Found a roughly hewn altar of Beogh.
 26403 | Orc:2    | Found Jegocwet's Food Boutique.
 26406 | Orc:2    | Received a gift from Trog
 26428 | Orc:2    | Received a gift from Trog
 26452 | Orc:2    | Found Ixaezies's Weapon Emporium.
 26625 | Orc:2    | Found Muqic's Jewellery Emporium.
 26627 | Orc:2    | Found Ucwanna's Antique Armour Boutique.
 26886 | Orc:2    | Found Saob's Antique Weapon Shoppe.
 27811 | D:13     | Received a gift from Trog
 28365 | D:13     | Received a gift from Trog
 28705 | Lair:2   | Lost mutation: You are resistant to electric shocks. [potion of cure mutation]
 28705 | Lair:2   | Lost mutation: You have a pair of small horns on your head. [potion of cure mutation]
 28705 | Lair:2   | Lost mutation: Scrolls take you a little longer to read. [potion of cure mutation]
 28705 | Lair:2   | Lost mutation: Your magical capacity is low (-10% MP). [potion of cure mutation]
 28705 | Lair:2   | Lost mutation: You evolve. [potion of cure mutation]
 28874 | D:14     | Reached skill level 10 in Bows
 28899 | D:14     | Found a gate to the Vaults.
 28912 | D:14     | Got a smoking plate armour
 28923 | D:14     | Identified the +6 plate armour of the Armadillo {Dex+7} (You found it on level 14 of the Dungeon)
 29237 | D:14     | Received a gift from Trog
 29588 | D:15     | Entered Level 15 of the Dungeon
 29595 | D:15     | Reached skill level 19 in Axes
 29617 | D:15     | Gained mutation: You are robust (+10% HP). [mutagenic meat]
 29619 | D:15     | Gained mutation: You are very robust (+20% HP). [mutagenic meat]
 29625 | D:15     | Gained mutation: You occasionally shout uncontrollably at your foes. [mutagenic meat]
 29714 | D:15     | Reached XP level 16. HP: 166/182 MP: 22/22
 29960 | D:15     | Received a gift from Trog
 30387 | D:15     | Received a gift from Trog
 30937 | D:15     | Found a staircase to the Depths.
 31374 | Shoals:1 | Entered Level 1 of the Shoals
 31542 | Shoals:1 | Reached skill level 20 in Axes
 32008 | Shoals:1 | Received a gift from Trog
 32091 | Shoals:2 | HP: 7/186 [sea snake (17)]
 32091 | Shoals:2 | Slain by a merfolk

Vault maps used:
D:1:      lemuel_arrival_lava_pool, nrook_mini_vaults, hangedman_decor_points,
          okawaru_ov_weapons_minmay
D:2:      uniq_jessica, uniq_sigmund, uniq_crazy_yiuf_cottage
D:3:      gammafunk_temple_overflow_statue, first_bread, minivault_23
D:4:      kennysheep_the_goblin_king, lemuel_doored_altar,
          nicolae_overflow_hidden_temple, minmay_box_of_dots, uniq_pikel
D:5:      yredelemnul_forgotten_temple_becter, guppyfry_shop_venom, uniq_edmund,
          uniq_blork_the_orc, uniq_grinder
D:6:      minmay_flawed_box, minmay_temple_entry_purple_smoke,
          serial_corexii_hall, corexii_hall_statues_x, corexii_hall_statues_l,
          corexii_hall_statues_t, corexii_hall_statues_i,
          corexii_hall_statues_s, corexii_hall_statues_t, grunt_dithmenos_smoke,
          uniq_duvessa
D:7:      eino_small_chamber_without_monster, grunt_ogre_cave
D:8:      old_standard_altar
D:9:      wad_crossroads, uniq_joseph, uniq_prince_ribbit1
D:10:     orc_0_dummy, enter_bailey_3
D:11:     lair_0_dummy, lab_entry_generic, basic_altar, elyvilon_altar_1,
          uniq_maurice, uniq_snorg, uniq_josephine
D:12:     grunt_ministairs_13
D:14:     erik_vaults_1, minmay_strange_pillars
D:15:     grunt_enter_depths_hoard, nicolae_lava_and_water,
          einodemon_crawler_minivault
Temple:   minmay_temple_curvy_14
Lair:2:   basic_altar, beast_lair_carwin_6
Lair:3:   basic_altar, lemuel_old_faithful, grunt_megastairs_4
Lair:4:   uniq_maud, uniq_nergalle
Lair:5:   elwin_shoals_entry_rooms, kennysheep_basilisk_garden, uniq_rupert
Lair:6:   beast_lair_carwin_large_1, minmay_snake_entry_guardpost_medium,
          slime_altar_2
Lair:7:   wad_woods_minihive, minivault_25
Shoals:2: nicolae_shoals_so_close
Orc:1:    nooodl_orcs_dogs
Orc:2:    st_orc_elflike, serial_shops, shop, kennysheep_orc_chapel
Abyss:2:  hangedman_abyss_town
Lab:      labyrinth_hidden_loot
Bailey:   bailey_polearm_1, bailey

Skill      XL: |  1  2  3  4  5  6  7  8  9 10 11 12 13 14 15 16 |
---------------+-------------------------------------------------+-----
Axes           | 3 4 5 7 10 11 13 15 17 18 19 20 | 20.2
Fighting       | 4 5 7 8 11 13 14 15 16 17 | 17.1
Armour         | 4 5 6 7 8 10 11 12 13 14 | 14.8
Bows           | 4 8 10 | 10.1
Evocations     | 4 6 8 |  8.2
Shields        | |  3.2

Action                   |  1- 3 |  4- 6 |  7- 9 | 10-12 | 13-15 | 16-18 || total
-------------------------+-------+-------+-------+-------+-------+-------++-------
Melee: War axe           |    96 |   118 |   302 |   625 |       |       ||  1141
       Battleaxe         |       |       |       |    81 |    98 |       ||   179
       Whip              |       |       |       |    13 |    82 |       ||    95
       Broad axe         |       |       |       |       |   679 |   230 ||   909
 Fire: Blowgun           |       |       |     4 |       |       |       ||     4
Invok: Burn Spellbooks   |       |       |       |     4 |     2 |       ||     6
       Berserk           |       |       |       |     3 |     3 |     1 ||     7
       Trog's Hand       |       |       |       |       |       |     1 ||     1
Evoke: Wand              |       |       |       |     5 |     4 |       ||     9
  Use: Potion            |       |     4 |     6 |     5 |     6 |     2 ||    23
       Scroll            |       |     4 |     5 |    23 |    11 |     1 ||    44
 Stab: Invisible         |       |       |       |     6 |       |       ||     6
  Eat: Chunk             |     1 |     3 |     3 |    37 |    27 |     5 ||    76
       Bread ration      |     1 |       |     1 |     1 |     4 |     1 ||     8
       Beef jerky        |       |       |     1 |     8 |       |       ||     9
       Meat ration       |       |       |     1 |     1 |     2 |       ||     4
